 Dungeon Crawl Stone Soup version 0.27.1-16-g815e20cd7a (webtiles) character file.

Game seed: 6049752464548928216

36 zeram the Sneak (level 3, 0/24 HPs)
             Began as an Octopode Brigand on Nov 23, 2021.
             Slain by Sigmund (7 damage)
             ... on level 2 of the Dungeon.
             The game lasted 00:01:56 (1595 turns).

zeram the Sneak (Octopode Brigand)                  Turns: 1595, Time: 00:01:57

Health: 0/24       AC:  1    Str: 10    XL:     3   Next: 37%
Magic:  3/3        EV: 12    Int: 14    God:
Gold:   29         SH:  0    Dex: 13    Spells: 2/2 levels left

rFire    . . .     SeeInvis .   a - +2 dagger
rCold    . . .     Faith    .   (no shield)
rNeg     . . .     Spirit   .   (helmet restricted)
rPois    .         Reflect  .   (no amulet)
rElec    .         Harm     .   (no ring)
rCorr    .         Rampage  .   (no ring)
Will     .....                  (no ring)
Stlth    ++++......             (no ring)
HPRegen  0.08/turn              (no ring)
MPRegen  0.08/turn              (no ring)
                                (no ring)
                                (no ring)

@: brilliant
A: almost no armour, amphibious, 8 rings, camouflage 1, gelatinous body 1,
(nimble swimmer 1), tentacles
a: no special abilities


You were on level 2 of the Dungeon.
You visited 1 branch of the dungeon, and saw 2 of its levels.

You collected 29 gold pieces.

Inventory:

Hand Weapons
 a - a +2 dagger (weapon)
Missiles
 b - 8 poisoned darts (quivered)
 c - 2 curare-tipped darts


   Skills:
 - Level 2.0 Fighting
 - Level 2.0 Short Blades
 - Level 2.0 Throwing
 + Level 1.0 Dodging
 + Level 7.0 Stealth


You had 2 spell levels left.
You didn't know any spells.
Your spell library was empty.

Dungeon Overview and Level Annotations

Branches:
Dungeon (2/15)

Altars:

Shops:
D:1 *

Annotations:
D:2 Sigmund


Innate Abilities, Weirdness & Mutations

You cannot wear most types of armour.
You are amphibious.
You can wear up to eight rings at the same time.
Your skin changes colour to match your surroundings (Stealth+).
Your rubbery body absorbs attacks. (AC +1, EV +1)
((You are camouflaged near water. (Stealth+)))
You have tentacles for arms and can constrict up to eight enemies at once.


Message History

You climb downwards.
Level annotation: Sigmund
There is a stone staircase leading up here.
d - a white potion A giant cockroach is nearby!
Sigmund shouts!
You hit the giant cockroach. You grab the giant cockroach.
The giant cockroach is moderately wounded.
You constrict the giant cockroach, but do no damage.
The giant cockroach closely misses you. The giant cockroach barely misses you.
You hit the giant cockroach.
You kill the giant cockroach!
Sigmund screams, "Die, monster!"
Sigmund misses you. Sigmund completely misses you.
It was a potion of brilliance.
You feel clever all of a sudden.
You hit Sigmund but do no damage. You grab Sigmund.
Sigmund is lightly wounded.
You constrict Sigmund, but do no damage.
Sigmund points at you and mumbles some strange words.
The puff of flame hits you!
You hit Sigmund but do no damage.
Sigmund is lightly wounded.
You constrict Sigmund, but do no damage.
Sigmund barely misses you.
You hit Sigmund.
Sigmund is lightly wounded.
You constrict Sigmund, but do no damage.
You barely miss Sigmund.
Sigmund is lightly wounded.
You constrict Sigmund, but do no damage.
Sigmund mumbles some strange words.
Sigmund flickers and vanishes!
Deactivating autopickup; reactivate with Ctrl-A.
You hit something but do no damage. You squeeze something.
You constrict something. Something hits you!
* * * LOW HITPOINT WARNING * * *
You release your grip on something.
Something hits you!
You die...

≈P≈P≈≈... ##
≈.≈≈≈≈P≈..####.#
.≈≈P≈≈≈≈........#.#
#.##..P≈≈≈≈P....^....#.#
#....≈≈≈≈≈≈.≈..........# ##
#.....≈≈≈≈≈..........#.##.
#....≈≈≈≈≈P≈.#.{.....#...
#...P.≈≈≈≈.≈.#.......#..
#...≈≈≈≈≈≈≈...@......#.#
#...≈P≈≈≈≈.....#######.####
#...≈P≈≈≈≈≈....# #...<#
#....≈≈≈≈P...$.#######.####
##....≈≈≈≈.....##.........#
##..≈≈≈≈......##......####
#...≈≈≈P......##......#
#....≈≈≈......##...÷÷.#
#..≈≈≈≈≈≈.............#


There were no monsters in sight!

Vanquished Creatures
  A dart slug (D:1)
  5 endoplasms
  3 giant cockroaches
  2 goblins (D:1)
  6 hobgoblins
  3 kobolds (D:1)
  A quokka (D:1)
  2 ball pythons (D:1)
  3 bats
  A frilled lizard (D:1)
  2 rats
29 creatures vanquished.

Vanquished Creatures (others)
  3 plants (D:2)
3 creatures vanquished.

Grand Total: 32 creatures vanquished

Notes
Turn   | Place    | Note
-------+----------+-------------------------------------------
     0 | D:1      | zeram the Octopode Brigand began the quest for the Orb.
     0 | D:1      | Reached XP level 1. HP: 14/14 MP: 1/1
   139 | D:1      | Found Rutian's General Store.
   385 | D:1      | Reached XP level 2. HP: 19/19 MP: 2/2
   444 | D:1      | Reached skill level 6 in Stealth
  1049 | D:1      | Reached XP level 3. HP: 24/24 MP: 3/3
  1324 | D:2      | Reached skill level 7 in Stealth
  1325 | D:2      | Noticed Sigmund
  1595 | D:2      | Slain by Sigmund

Illustrated notes

Levels and vault maps discovered:
D:1:      dpeg_arrival_arbitrary_b, layout_rooms, serial_shops, shop,
          minmay_statues_item, minmay_tetromino_l2
D:2:      layout_basic, serial_shops, shop, chequers_big_river, uniq_sigmund

Skill      XL: |  1  2  3 |
---------------+----------+-----
Stealth        | 6 7 |  7.0
Fighting       | |  2.0
Short Blades   | |  2.0
Throwing       | |  2.0
Dodging        | |  1.0

Action                   || total
-------------------------++-------
Melee: Dagger            ||    70
       Tentacles         ||    14
       Constrict         ||    14
       Unarmed           ||     2
  Use: Scroll            ||     2
       Potion            ||     2
 Stab: Sleeping          ||    10
Armor: Skin              ||     7
Dodge: Dodged            ||    30
